 Dungeon Crawl Stone Soup version 0.30-a0-920-g7493c07aab (webtiles) character file.

Game seed: 10662085199411992324

78 jasper the Magician (level 4, -7/29 (33) HPs)
             Began as a Draconian Hedge Wizard on Mar 21, 2023.
             Killed by divine providence
             ... invoked by an orc priest
              (17 damage)
             ... on level 3 of the Dungeon.
             The game lasted 00:03:29 (2492 turns).

jasper the Magician (Draconian Hedge Wizard)        Turns: 2492, Time: 00:03:29

HP:   -7/29 (33)    AC:  5    Str: 15    XL:     4   Next: 15%
MP:   3/10          EV: 12    Int: 17    God:
Gold: 75            SH:  0    Dex: 12    Spells: 4/12 levels left

rFire   x . .      SeeInvis .    n - +11 whip "Ox" {venom, rF- rN+ Str+3 Dex+2}
rCold   . . .      Faith    .    (no shield)
rNeg    + . .      Spirit   .    (body armour unavailable)
rPois   .          Reflect  .    b - +0 hat
rElec   .          Rampage  .    (no cloak)
rCorr   .                        (no gloves)
Will    .....                    (no boots)
Stlth   ++                       t - amulet of magic regeneration
HPRegen 0.24/turn                (no ring)
MPRegen 0.52/turn                (no ring)

@: very slightly contaminated, heavily drained
A: AC +5, unfitting armour, cold-blooded
a: no special abilities


You were on level 3 of the Dungeon.
You visited 1 branch of the dungeon, and saw 3 of its levels.

You collected 75 gold pieces.

Inventory:

Hand Weapons
 a - a +0 dagger
 m - a +0 vampiric spear
 n - the +11 whip "Ox" (weapon) {venom, rF- rN+ Str+3 Dex+2}
   (You found it on level 2 of the Dungeon)

   Str:       It affects your strength (+3).
   Dex:       It affects your dexterity (+2).
   rF:        It makes you vulnerable to fire.
   rN:        It protects you from negative energy.
Missiles
 d - 2 throwing nets
Armour
 b - a +0 hat (worn)
Jewellery
 t - an amulet of magic regeneration (around neck)
Wands
 q - a wand of polymorph (14)
Scrolls
 e - a scroll of teleportation
 g - a scroll of amnesia
 j - a scroll of enchant weapon {unknown}
 o - a scroll of fog {unknown}
 p - 2 scrolls of identify
Potions
 c - a potion of magic
 f - a potion of ambrosia
 h - a potion of might {unknown}
 i - a potion of attraction {unknown}
 k - a potion of curing {unknown}
 l - a potion of mutation {unknown}
 r - a potion of lignification {unknown}
 s - a potion of flight {unknown}
 u - a potion of cancellation {unknown}


   Skills:
 - Level 1.7 Dodging
 - Level 1.7 Stealth
 * Level 4.7 Spellcasting
 + Level 1.0 Conjurations
 - Level 1.0 Summonings
 + Level 0.0 Necromancy
 + Level 1.0 Translocations
 + Level 0.0 Air Magic
 + Level 0.0 Poison Magic


You had 4 spell levels left.
You knew the following spells:

 Your Spells              Type           Power      Damage    Failure   Level
a - Magic Dart            Conj           28%        1d4       10%         1
b - Blink                 Tloc           14%        N/A       14%         2
c - Cigotuvi's Dreadful   Necr/Pois/Air  8%         N/A       22%         2
d - Mephitic Cloud        Conj/Pois/Air  5%         N/A       36%         3

Your spell library contained the following spells:

 Spells                   Type           Power      Damage    Failure   Level
 Slow                     Hex            16%        N/A       14%         1
 Call Imp                 Summ           7%         N/A       14%         2


Dungeon Overview and Level Annotations

Branches:
Dungeon (3/15)

Altars:
Elyvilon


Innate Abilities, Weirdness & Mutations

Your plain brown scales are hard. (AC +5)
You cannot fit into any form of body armour.
You are cold-blooded and may be slowed by cold attacks.


Message History

Press: ? - help, Q - select action, (/) - cycle Shift-Dir - straight line, f - orc
Aim: an orc, wielding a +0 dagger and wearing a +0 ring mail (noxious fumes, confused, 100% to hit)
The magic dart hits the orc.
The orc is lightly wounded.
The orc priest is engulfed in noxious fumes.
The orc priest miscasts a cantrip.
The orc is engulfed in noxious fumes.
The orc appears confused.
You hit the orc.
The orc is poisoned.
The orc is severely wounded.
You kill the orc!
The orc priest is engulfed in noxious fumes. x2
The orc priest appears confused.
The orc priest completely misses the orc priest.
Casting: Magic Dart (safe; 10% risk of failure)
Confirm with . or Enter, or press ? or * to list all spells.
Aiming: Magic Dart (safe; 10% risk of failure)
Press: ? - help, Shift-Dir - straight line, f - orc priest
Aim: an orc priest, wielding a +0 whip and wearing a +0 leather armour (100% to hit)
Okay, then.
Casting: Magic Dart (safe; 10% risk of failure)
Confirm with . or Enter, or press ? or * to list all spells.
The spell is extremely dangerous to miscast (36% risk of failure)!
Continue anyway?
Aiming: Mephitic Cloud (extremely dangerous; 36% risk of failure)
Press: ? - help, Shift-Dir - straight line, f - orc priest
Aim: an orc priest, wielding a +0 whip and wearing a +0 leather armour (chance to affect: 86%)
You miscast Mephitic Cloud.
You are very lightly contaminated with residual magic.
There is a short, sharp shower of sparks!
The orc priest is engulfed in noxious fumes.
The orc priest appears confused.
You take 8 damage, and have 15/29 hp.
MASSIVE DAMAGE!!
You now have 2/10 mp.
You hit the orc priest but do no damage.
The orc priest hits you with a +0 whip.
You take 5 damage, and have 10/29 hp.
You closely miss the orc priest.
You tail-slap the orc priest, but do no damage.
The orc priest invokes the aid of Beogh against you.
Beogh smites you!
Ouch! That really hurt!
You die...

#....####.#..<..#
#########.......#
#.......#.....#
#.#####.#.###.#
#.#####.#
#.......#
####.#######+##
.##.....###).....
#........@o'o.....
####.....###.o....
#.....# .....
#.....# ####
#.....# #.....#
#######


You could see 2 orc priests and an orc.

Vanquished Creatures
  2 adders (D:2)
  2 dart slugs (D:2)
  2 orcs (D:3)
  3 endoplasms
  3 giant cockroaches
  4 goblins
  6 hobgoblins
  4 jackals (D:1)
  A kobold (D:1)
  3 quokkas
  5 ball pythons
  3 bats (D:2)
  5 frilled lizards
  4 rats
47 creatures vanquished.

Notes
Turn   | Place    | Note
-------+----------+-------------------------------------------
     0 | D:1      | jasper the Draconian Hedge Wizard began the quest for the
                  | Orb.
     0 | D:1      | Reached XP level 1. HP: 14/14 MP: 4/4
    88 | D:1      | Reached XP level 2. HP: 9/20 MP: 4/6
    91 | D:1      | Learned a level 2 spell: Blink
    94 | D:1      | Learned a level 2 spell: Cigotuvi's Dreadful Rot
   986 | D:1      | Reached skill level 4 in Spellcasting
  1158 | D:2      | Found a white marble altar of Elyvilon.
  1188 | D:2      | Reached XP level 3. HP: 26/26 MP: 2/8
  1198 | D:2      | Identified the +11 whip "Ox" {venom, rF- rN+ Str+3 Dex+2}
  2248 | D:2      | Reached XP level 4. HP: 30/33 MP: 7/10
  2252 | D:2      | Learned a level 3 spell: Mephitic Cloud
  2492 | D:3      | Killed from afar by an orc priest

Illustrated notes

Levels and vault maps discovered:
D:1:      wander_arrival_chamber, layout_loops_ring
D:2:      layout_basic, basic_altar, nrook_mini_backslash,
          minmay_close_crescents
D:3:      minmay_angry_zag, layout_basic, nicolae_gozag_seed_capital,
          serial_shops, shop, nicolae_shop_stone, shop,
          nicolae_shop_statue_plus, nicolae_elevator_lobby_asterisk, uniq_ijyb

Skill      XL: |  1  2 |
---------------+-------+-----
Spellcasting   | 4 |  4.7
Dodging        | |  1.7
Stealth        | |  1.7
Conjurations   | |  1.0
Summonings     | |  1.0
Translocations | |  1.0

Action                     |  1- 3 |  4- 6 || total
---------------------------+-------+-------++-------
  Melee: Dagger            |    48 |       ||    48
         Tailslap          |     4 |     1 ||     5
         Whip              |    10 |     3 ||    13
         Spear             |     3 |       ||     3
   Cast: Magic Dart        |    99 |     8 ||   107
         Mephitic Cloud    |       |     1 ||     1
         Cigotuvi's Dreadf |       |     1 ||     1
    Use: Scroll            |     3 |       ||     3
 Armour: Skin              |    20 |       ||    20
  Dodge: Dodged            |    40 |     2 ||    42

Table legend: (Time is in decaauts)
 A = Elapsed time spent in this place.
 B = Non-inter-level travel time spent in this place.
 C = Inter-level travel time spent in this place.
 D = Time resting spent in this place.
 E = Time spent auto-exploring this place.
 F = Levels seen in this place.
 G = Mean time per level.
                   A        B        C        D        E       F      G
               +--------+--------+--------+--------+--------+-----+--------+
         Total |   2491 |   2436 |     55 |      0 |   2122 |   3 |  830.3 |
       Dungeon |   2491 |   2436 |     55 |      0 |   2122 |   3 |  830.3 |
               +--------+--------+--------+--------+--------+-----+--------+

Top non-repeatable levels by time:
     D:2: 1321 daAuts
     D:1: 1124 daAuts
     D:3: 46 daAuts
